 Dungeon Crawl Stone Soup version 0.30-a0-23-ge60ba3568b (webtiles) character file.

Game seed: 5881324137679841848

4 ytrimaz the Scratcher (level 1, 0/9 HPs)
             Began as a Felid Transmuter on Aug 25, 2022.
             Slain by a kobold
             ... wielding a +0 dagger
              (2 damage)
             ... on level 1 of the Dungeon.
             The game lasted 00:00:11 (119 turns).

ytrimaz the Scratcher (Felid Transmuter)             Turns: 119, Time: 00:00:12

Health: 0/9        AC:  1    Str:  6    XL:     1   Next: 50%
Magic:  4/4        EV: 17    Int: 14    God:
Gold:   0          SH:  0    Dex: 16    Spells: 3/4 levels left
                                        Lives:  0   Deaths: 0

rFire   . . .      SeeInvis +      - Unarmed
rCold   . . .      Faith    .    (shield unavailable)
rNeg    . . .      Spirit   .    (body armour unavailable)
rPois   .          Reflect  .    (helmet unavailable)
rElec   .          Harm     .    (cloak unavailable)
rCorr   .          Rampage  .    (gloves unavailable)
Will    .....                    (boots unavailable)
Stlth   +.........               (no amulet)
HPRegen 0.03/turn                (no ring)
MPRegen 0.09/turn                (no ring)

@: quick
A: very small, claws 1, fangs 3, see invisible, speed 1, shaggy fur 1, stealthy
paws, no weapons or thrown items, no armour, multi-lived
a: no special abilities


You were on level 1 of the Dungeon.
You visited 1 branch of the dungeon, and saw 1 of its levels.

Inventory:

Scrolls
 b - a scroll of teleportation {unknown}
Potions
 a - a potion of lignification


   Skills:
 * Level 1.1 Fighting
 + Level 2.7 Dodging
 + Level 3.1 Unarmed Combat
 - Level 2.0 Spellcasting
 - Level 2.1 Transmutations


You had 3 spell levels left.
You knew the following spells:

 Your Spells              Type           Power      Damage    Failure   Level
a - Beastly Appendage     Tmut           14%        N/A       10%         1

Your spell library contained the following spells:

 Spells                   Type           Power      Damage    Failure   Level
 Wereblood                Tmut           7%         N/A       14%         2
 Spider Form              Tmut/Pois      4%         N/A       41%         3
 Ice Form                 Ice/Tmut       4%         N/A       83%         4


Dungeon Overview and Level Annotations

Branches:
Dungeon (1/15)

Altars:


Innate Abilities, Weirdness & Mutations

You have sharp claws.
You have razor-sharp teeth.
You have supernaturally acute eyesight. (SInv)
You cover ground quickly. (Speed+)
You are covered in fur. (AC +1)
Your paws help you pounce on unaware monsters.
You are incapable of wielding weapons or throwing items.
You cannot wear armour.
You gain extra lives every three experience levels.


Message History

Found a buckler.
You open the door.
An endoplasm and a goblin come into view.
The endoplasm quivers.
The goblin shouts!
You hear an angry hiss.
A kobold comes into view. It is wielding a +0 dagger.
There is an open door here.
There are monsters nearby!
A ball python comes into view.
The ball python hisses angrily.
The endoplasm freezes you.
You are frozen.
Ouch! That really hurt!
There are monsters nearby!
There are monsters nearby!
You are too injured to fight recklessly!
You are too injured to fight recklessly!
You are too injured to fight recklessly!
The kobold shouts!
You scratch the endoplasm.
You kill the endoplasm!
You are too injured to fight recklessly!
You are too injured to fight recklessly!
You are too injured to fight recklessly!
You closely miss the goblin. The ball python barely misses you.
The ball python completely misses you. The goblin completely misses you.
You are too injured to fight recklessly!
You scratch the goblin.
The goblin is moderately wounded.
The ball python bites you.
* * * LOW HITPOINT WARNING * * *
The ball python misses you. The goblin misses you.
You are too injured to fight recklessly!
You are too injured to fight recklessly!
You closely miss the goblin. You bite the goblin.
You kill the goblin!
The ball python barely misses you. The ball python closely misses you.
The ball python misses you. The ball python closely misses you.
The kobold hits you with a +0 dagger.
You die...

##..... .. #......
###+####.# ##......
##........# #.......
..........# ##......#
..........# #.......#
..........##.# #......##
.............###......##
.......@S######........#
......K..'...##........#
.........#.#.##.(......#
.........#.#.##........#
.....#...[.#.#....>.....
###.##.#####.#..........
... #. #.#.###.##### #.#
#. #.#.....# #. #.
###.#.#†#.#


You could see a ball python and a kobold.

Vanquished Creatures
  An endoplasm (D:1)
  A giant cockroach (D:1)
  A goblin (D:1)
3 creatures vanquished.

Notes
Turn   | Place    | Note
-------+----------+-------------------------------------------
     0 | D:1      | ytrimaz the Felid Transmuter began the quest for the Orb.
     0 | D:1      | Reached XP level 1. HP: 9/9 MP: 4/4
   119 | D:1      | Slain by a kobold

Illustrated notes

Levels and vault maps discovered:
D:1:      dpeg_arrival_snail, layout_basic,
          hellmonk_ecumenical_altar_inner_sanctum

Action                   || total
-------------------------++-------
Melee: Unarmed           ||     8
       Bite              ||     1
 Cast: Beastly Appendage ||     1
Armor: Skin              ||     1
Dodge: Dodged            ||    12

Table legend: (Time is in decaauts)
 A = Elapsed time spent in this place.
 B = Non-inter-level travel time spent in this place.
 C = Inter-level travel time spent in this place.
 D = Time resting spent in this place.
 E = Time spent auto-exploring this place.
 F = Levels seen in this place.
 G = Mean time per level.
                   A        B        C        D        E       F      G
               +--------+--------+--------+--------+--------+-----+--------+
         Total |     98 |     98 |      0 |      0 |     80 |   1 |   98.0 |
       Dungeon |     98 |     98 |      0 |      0 |     80 |   1 |   98.0 |
               +--------+--------+--------+--------+--------+-----+--------+

Top non-repeatable levels by time:
     D:1: 98 daAuts
